 Dungeon Sprint DCSS version 0.31-a0-931-g7b59d4eb97 (webtiles) character file.

Game seed: 16789694059152860299

14963 sircluck the Brawler (level 11, -12/198 HPs)
             Began as a Troll Berserker on Oct 19, 2023.
             Was an Elder of Trog.
             Mangled by Antaeus (40 damage)
             ... in the Dungeon (Sprint VII: "The Pits").
             The game lasted 00:06:19 (2172 turns).

sircluck the Brawler (Troll Berserker)              Turns: 2172, Time: 00:06:20

Health: -12/198    AC:  7    Str: 40    XL:     11   Next: 95%
Magic:  10/10      EV: 14    Int:  3    God:    Trog [****..]
Gold:   0          SH:  0    Dex:  9    Spells: 10/10 levels left

rFire   . .          .
                       - Unarmed
rCold   . . .        (no shield)
rNeg    . . .        n - +0 troll leather armour
rPois   .            (helmet restricted)
rElec   .            m - +0 cloak
rCorr   .            (gloves unavailable)
SInv    .            (boots unavailable)
Will    .....        (no amulet) Stlth
                     l - +3 ring of strength
HPRegen 2.13/turn    t - +6 ring of strength
MPRegen 0.12/turn

%: no teleportation
@: berserking, very quick
A: large, unfitting armour, claws 3, regeneration 1, shaggy fur 1, tough skin 1
a: Renounce Religion, Berserk, Trog's Hand, Brothers in Arms


You were in the Dungeon.
You worshipped Trog.
Trog was greatly pleased with you.
You visited 1 branch

Inventory:

Missiles
 v - 18 stones
Armour
 a - a +0 animal skin
 m - a +0 cloak (worn)
 n - a +0 troll leather armour (worn)
Jewellery
 k - a +3 ring of protection
 l - a +3 ring of strength (left claw)
 t - a +6 ring of strength (right claw)
 x - a ring of positive energy
Wands
 y - a wand of charming (2)
Scrolls
 g - 4 scrolls of blinking
 i - 2 scrolls of vulnerability
 j - a scroll of summoning
 o - 6 scrolls of enchant weapon
 p - 2 scrolls of fear
 r - a scroll of identify
 s - a scroll of fog
 w - a scroll of poison
Potions
 b - 8 potions of curing
 c - 12 potions of heal wounds
 d - 3 potions of haste
 e - 4 potions of magic
 f - 5 potions of berserk rage
 h - 2 potions of invisibility
 q - a potion of mutation
 u - a potion of might


   Skills:
 + Level 15.0 Fighting
 + Level 5.7 Armour
 + Level 14.8 Dodging
 + Level 17.4 Unarmed Combat


You had 10 spell levels left.
You didn't know any spells.
Your spell library was empty.

Dungeon Overview and Level Annotations

Branches:
Dungeon (1/1)

Altars:
Ashenzari
Cheibriados
Dithmenos
Elyvilon
Fedhas
Gozag
Hepliaklqana
Kikubaaqudgha
Makhleb
Nemelex Xobeh
Okawaru
Qazlal
Ru
Sif Muna
Trog
Uskayaw
Vehumet
Wu Jian
Xom
Yredelemnul
Zin
The Shining One
Jiyva
Lugonu

Annotations:
D Antaeus


Innate Abilities, Weirdness & Mutations

You are too large for most types of armour.
You have claws for hands.
Your natural rate of healing is unusually fast.
You are covered in fur. (AC +1)
You have tough skin. (AC +1)


Message History

Antaeus gestures at you. The icy flash freeze hits your ogre!!!
Your ogre dies!
Your ogre's corpse disappears in a puff of smoke!
There is a large open door to the Hallway of Sentries (Extremely Hard), spattered with blood here.
Your deep troll goes berserk!
Your two-headed ogre goes berserk!
Antaeus hits your two-headed ogre!! Antaeus freezes your two-headed ogre!!!
Antaeus hits your two-headed ogre! Antaeus freezes your two-headed ogre!!
Your two-headed ogre dies!
Your two-headed ogre's corpse disappears in a puff of smoke!
Your deep troll bites Antaeus.
Your deep troll barely misses Antaeus.
Your deep troll claws Antaeus but does no damage.
Unknown command.
Your ogre goes berserk!
Trog will no longer gift you weapons.
Your deep troll barely misses Antaeus.
Your deep troll claws Antaeus.
Your deep troll claws Antaeus but does no damage.
Antaeus gestures at you. The icy flash freeze hits your ogre!!!
Your ogre dies!
Your ogre's corpse disappears in a puff of smoke!
Your deep troll bites Antaeus but does no damage.
Your deep troll claws Antaeus! x2
Unknown command.
Unknown command.
Okay, then.
Your deep troll bites Antaeus but does no damage.
Your deep troll claws Antaeus! x2
A red film seems to cover your vision as you go berserk!
You feel yourself moving faster!
You feel mighty!
Your deep troll bites Antaeus!
Your deep troll claws Antaeus but does no damage. x2
Antaeus hits you!!! Antaeus freezes you!!!
* * * LOW HITPOINT WARNING * * *
Antaeus hits you!!
* * * LOW HITPOINT WARNING * * *
Antaeus freezes you!!!
You die...
Antaeus says, "Your soul will be trapped in ice for ten thousand years."

#+# #.# #'# #.# #'#
#.# #'#
##################'#
...............)@CT#
....)).........)...#
#++##############..#
#..# #..# #..# #..#
#..# #..#


You could see Antaeus (ally target) and a friendly deep troll (summoned,
berserk).

Vanquished Creatures
  A titan (D)
  An eidolon (D)
  A two-headed ogre (D)
  A shadow wraith (D)
  Pikel (D)
  A necromancer (D)
  A harpy (shapeshifter) (D)
  A deep elf pyromancer (D)
  A rime drake (D)
  2 efreet (D)
  An ice devil (D)
  A hellwing (D)
  A hornet (D)
  2 trolls (D)
  A tyrant leech (D)
  A tarantella (D)
  A snapping turtle (D)
  A spriggan (D)
  3 wraiths (D)
  A water moccasin (D)
  A black bear (D)
  A sky beast (D)
  An ogre (D)
  6 wolves (D)
  A bullfrog (D)
  3 gnoll sergeants (D)
  A scorpion (D)
  5 wights (D)
  6 killer bees (D)
  A jelly (D)
  A hell rat (D)
  13 gnolls (D)
  A river rat (D)
  A white imp (D)
  An ufetubus (D)
  A worm (D)
  2 endoplasms (D)
  3 jackals (D)
  2 quokkas (D)
  A ball python simulacrum (D)
  2 ball python skeletons (D)
  2 bats (D)
  3 frilled lizards (D)
  A jackal skeleton (D)
  A rat (D)
85 creatures vanquished.

Vanquished Creatures (collateral kills)
  Nessos (D)
  An orc high priest (D)
  A deep troll (D)
  A lindwurm (D)
  A wolf spider (D)
  An orange demon (D)
  2 red devils (D)
  A hornet (D)
  4 dream sheep (D)
  A jumping spider (D)
  A spriggan (D)
  A warg (D)
  A floating eye (D)
  An orc warrior (D)
  2 wolves (D)
  A centaur (D)
  A kobold brigand (D)
  A necrophage (D)
  A river rat (D)
  A white imp (D)
  2 orcs (D)
27 creatures vanquished.

Vanquished Creatures (others)
  A sky beast (D)
1 creature vanquished.

Grand Total: 113 creatures vanquished

Notes
Turn   | Place    | Note
-------+----------+-------------------------------------------
     0 | D        | sircluck the Troll Berserker began the quest for the Orb.
     0 | D        | Reached XP level 1. HP: 22/22 MP: 0/0
    20 | D        | Reached ** piety under Trog
    30 | D        | Found a bloodstained altar of Trog.
    30 | D        | Found a shimmering blue altar of Sif Muna.
    30 | D        | Found a viscous altar of Jiyva.
    30 | D        | Found a hazy altar of Hepliaklqana.
    30 | D        | Found an opulent altar of Gozag.
    31 | D        | Found a glowing golden altar of the Shining One.
    31 | D        | Found a glowing silver altar of Zin.
    31 | D        | Found a basalt altar of Yredelemnul.
    31 | D        | Found a shimmering altar of Xom.
    31 | D        | Found an ornate altar of the Wu Jian Council.
    31 | D        | Found a sacrificial altar of Ru.
    31 | D        | Found a stormy altar of Qazlal.
    31 | D        | Found an iron altar of Okawaru.
    31 | D        | Found a sparkling altar of Nemelex Xobeh.
    31 | D        | Found a burning altar of Makhleb.
    31 | D        | Found a blossoming altar of Fedhas.
    31 | D        | Found a white marble altar of Elyvilon.
    31 | D        | Found a shadowy altar of Dithmenos.
    31 | D        | Found a snail-covered altar of Cheibriados.
    34 | D        | Found a corrupted altar of Lugonu.
    34 | D        | Found a radiant altar of Vehumet.
    35 | D        | Found an ancient bone altar of Kikubaaqudgha.
    35 | D        | Found a hide-covered altar of Uskayaw.
    35 | D        | Found a broken altar of Ashenzari.
    69 | D        | Noticed a scorpion
    88 | D        | Killed a scorpion
    89 | D        | Reached skill level 5 in Unarmed Combat
    89 | D        | Reached XP level 2. HP: 12/33 MP: 1/1
    89 | D        | Reached XP level 3. HP: 15/40 MP: 2/2
   136 | D        | Reached *** piety under Trog
   155 | D        | Reached XP level 4. HP: 45/49 MP: 3/3
   200 | D        | Noticed a kobold brigand
   200 | D        | Noticed a wolf
   200 | D        | Noticed a gnoll sergeant
   216 | D        | Reached **** piety under Trog
   222 | D        | Reached skill level 5 in Fighting
   222 | D        | Reached skill level 5 in Dodging
   222 | D        | Reached skill level 6 in Unarmed Combat
   225 | D        | Killed a gnoll sergeant
   226 | D        | Reached XP level 5. HP: 12/59 MP: 4/4
   226 | D        | Reached ***** piety under Trog
   227 | D        | Reached skill level 7 in Unarmed Combat
   243 | D        | Noticed a sky beast
   279 | D        | Noticed a wolf
   283 | D        | Killed a sky beast
   286 | D        | Reached XP level 6. HP: 11/68 MP: 5/5
   287 | D        | Reached skill level 8 in Unarmed Combat
   344 | D        | Noticed Pikel
   351 | D        | Killed Pikel
   352 | D        | Reached skill level 10 in Unarmed Combat
   352 | D        | Reached XP level 7. HP: 67/81 MP: 6/6
   368 | D        | Received a gift from Trog
   381 | D        | Noticed a troll
   385 | D        | Reached XP level 8. HP: 92/92 MP: 7/7
   397 | D        | Reached skill level 11 in Unarmed Combat
   407 | D        | Killed a troll
   410 | D        | Reached skill level 10 in Fighting
   416 | D        | Reached ****** piety under Trog
   417 | D        | Reached skill level 10 in Dodging
   510 | D        | Noticed a rime drake
   622 | D        | Killed a rime drake
   622 | D        | Received a gift from Trog
   623 | D        | Reached skill level 12 in Unarmed Combat
   623 | D        | Reached XP level 9. HP: 84/102 MP: 8/8
   749 | D        | Noticed a tyrant leech
   766 | D        | Killed a tyrant leech
   916 | D        | Noticed a hellwing
   916 | D        | Noticed a two-headed ogre
   925 | D        | Killed a two-headed ogre
   926 | D        | Reached skill level 13 in Unarmed Combat
   931 | D        | Killed a hellwing
  1097 | D        | Noticed a deep elf pyromancer
  1097 | D        | Noticed a harpy
  1101 | D        | Killed a harpy
  1102 | D        | Killed a deep elf pyromancer
  1103 | D        | Reached XP level 10. HP: 115/115 MP: 9/9
  1114 | D        | Killed a shadow wraith
  1115 | D        | Reached skill level 14 in Unarmed Combat
  1146 | D        | Noticed Nessos
  1156 | D        | Killed Nessos
  1160 | D        | Received a gift from Trog
  1165 | D        | Reached skill level 15 in Unarmed Combat
  1239 | D        | Received a gift from Trog
  1279 | D        | Received a gift from Trog
  1406 | D        | Noticed an orange demon
  1409 | D        | Noticed an orc high priest
  1409 | D        | Killed an orange demon
  1412 | D        | Paralysed by a floating eye for 2 turns
  1413 | D        | Reached XP level 11. HP: 105/127 MP: 10/10
  1419 | D        | Identified the +8 quarterstaff of the Crypt {flame, rPois}
                  | (Trog gifted it to you in the Dungeon)
  1419 | D        | Received a gift from Trog
  1422 | D        | Noticed a lindwurm
  1423 | D        | Killed an orc high priest
  1424 | D        | Reached skill level 16 in Unarmed Combat
  1426 | D        | Noticed a deep troll
  1430 | D        | Killed a deep troll
  1431 | D        | Reached skill level 1 in Armour
  1431 | D        | Killed a lindwurm
  1436 | D        | Identified the +3 quarterstaff of Arcadian Bloody Death
                  | {flame, *Rage rPois Will- Str+8} (Trog gifted it to you in
                  | the Dungeon)
  1436 | D        | Received a gift from Trog
  1559 | D        | Noticed an eidolon
  1577 | D        | Killed an eidolon
  1810 | D        | Noticed a necromancer
  1813 | D        | Identified the +4 bardiche of Trog's Generosity {heavy,
                  | rElec Dex+3} (Trog gifted it to you in the Dungeon)
  1813 | D        | Received a gift from Trog
  1820 | D        | Killed a necromancer
  1824 | D        | Received a gift from Trog
  1887 | D        | Noticed a spriggan rider
  1971 | D        | Received a gift from Trog
  1972 | D        | Reached skill level 17 in Unarmed Combat
  1984 | D        | Noticed a wolf spider
  1988 | D        | Killed a wolf spider
  1990 | D        | Reached skill level 5 in Armour
  2015 | D        | Noticed a titan
  2020 | D        | Killed a titan
  2021 | D        | Reached skill level 15 in Fighting
  2159 | D        | Noticed Antaeus
  2172 | D        | Mangled by Antaeus

Illustrated notes

Levels and vault maps discovered:
D:        pitsprint [storerooms_1, entrance_room_1, metal_vault_6, armoury_1,
          mini_pit_1, grid_room_1, main_hall_1, silver_pit, the_coven_2,
          the_vestibule_1, steel_vault_5, golden_pit, hallway_of_sentries,
          crystal_vault_5, iron_vault_4, final_vault]

Skill      XL: |  1  2  3  4  5  6  7  8  9 10 11 |
---------------+----------------------------------+-----
Fighting       | 4 5 6 8 9 10 11 13 15 | 15.0
Dodging        | 4 5 6 8 9 10 11 13 14 | 14.8
Unarmed Combat | 5 6 7 10 12 13 15 17 | 17.4
Armour         | 5 |  5.7

Action                     |  1- 3 |  4- 6 |  7- 9 | 10-12 || total
---------------------------+-------+-------+-------+-------++-------
  Melee: Unarmed           |    37 |    23 |    64 |   121 ||   245
         Punch             |       |       |     4 |     6 ||    10
 Invoke: Berserk           |     1 |       |     4 |     5 ||    10
         Brothers in Arms  |       |     1 |       |     9 ||    10
    Use: Potion            |       |     1 |     1 |     5 ||     7
   Stab: Sleeping          |     1 |       |       |       ||     1
 Armour: Animal skin       |    25 |    13 |    35 |    62 ||   135
         Troll leather arm |       |       |       |    58 ||    58
  Dodge: Dodged            |    22 |     7 |    35 |    75 ||   139

Table legend: (Time is in decaauts)
 A = Elapsed time spent in this place.
 B = Non-inter-level travel time spent in this place.
 C = Inter-level travel time spent in this place.
 D = Time resting spent in this place.
 E = Time spent auto-exploring this place.
 F = Levels seen in this place.
 G = Mean time per level.
                   A        B        C        D        E       F      G
               +--------+--------+--------+--------+--------+-----+--------+
         Total |   2229 |   2178 |     51 |   1078 |    316 |   1 | 2229.0 |
       Dungeon |   2229 |   2178 |     51 |   1078 |    316 |   1 | 2229.0 |
               +--------+--------+--------+--------+--------+-----+--------+

Top non-repeatable levels by time:
       D: 2229 daAuts
